 Dungeon Crawl Stone Soup version 0.18-a0-846-g91b95b1 (webtiles) character file.

6938 root the Archer (level 10, -10/84 HPs)
             Began as a Centaur Hunter on Dec 20, 2015.
             Was a High Priest of Qazlal.
             Killed by divine providence
             ... invoked by an orc priest
              (13 damage)
             ... on level 10 of the Dungeon.
             The game lasted 01:33:38 (12307 turns).

root the Archer (Centaur Hunter)                   Turns: 12307, Time: 01:33:38

Health: -10/84     AC: 12    Str: 20    XL:     10   Next: 80%
Magic:  10/10      EV: 11    Int: 10    God:    Qazlal [*****.]
Gold:   514        SH:  6    Dex: 12    Spells: 0 memorised, 9 levels left

rFire  . . .     SeeInvis .     a - +1 spear (venom)
rCold  + . .     Gourm    .     L - +2 ring mail {rC+}
rNeg   . . .     Faith    .     (no shield)
rPois  .         Spirit   .     (no helmet)
rElec  .         Dismiss  .     M - +0 cloak
rCorr  .         Reflect  .     (no gloves)
SustAt .         Harm     .     (no barding)
MR     .....                    (no amulet)
Stlth  ..........               (no ring)
                                W - +4 ring of strength

@: protected from physical damage, repel missiles, very quick, not resistant to
hostile enchantments, extremely unstealthy
A: hooves 3, deformed body, speed 2, tough skin 3
a: Upheaval, Elemental Force, Disaster Area, Renounce Religion


You were on level 10 of the Dungeon.
You worshipped Qazlal.
Qazlal was extremely pleased with you.
You were not hungry.

You visited 1 branch of the dungeon, and saw 10 of its levels.

You collected 514 gold pieces.

Inventory:

Hand Weapons
 a - a +1 spear of venom (weapon)
 w - a +2 short sword of protection
 z - a +1 shortbow of flaming
Missiles
 d - 162 arrows
 s - 9 arrows of frost
 K - 11 arrows of dispersal
Armour
 j - a +0 shield
 L - a +2 ring mail of cold resistance (worn)
 M - a +0 cloak (worn)
Jewellery
 c - an uncursed ring of teleportation
 e - an uncursed ring of fire
 h - an uncursed ring of wizardry
 v - an uncursed ring of flight
 J - an uncursed amulet of regeneration
 W - a +4 ring of strength (left hand)
Wands
 P - a wand of paralysis (13/24)
 Q - a wand of digging (6/24)
 T - a wand of polymorph (11/24)
 U - a wand of flame (31/48)
 V - a wand of fire (4/15)
Scrolls
 g - 2 scrolls of remove curse
 i - a scroll of fog {unknown}
 k - a scroll of magic mapping {unknown}
 n - a scroll of noise {unknown}
 y - 4 scrolls of identify {unknown}
 A - 3 scrolls of teleportation {unknown}
 D - a scroll of blinking {unknown}
 E - 3 scrolls of fear {unknown}
 F - 3 scrolls of enchant armour {unknown}
 H - a scroll of recharging {unknown}
 R - 2 scrolls of enchant weapon {unknown}
Potions
 b - 3 potions of heal wounds {unknown}
 l - 3 potions of curing
 o - 2 potions of degeneration {unknown}
 p - a potion of brilliance {unknown}
 q - 2 potions of haste {unknown}
 r - 2 potions of invisibility
 u - 3 potions of agility {unknown}
 x - 5 potions of lignification {unknown}
 C - a potion of magic {unknown}
 G - a potion of mutation {unknown}
 I - a potion of flight {unknown}
 N - 3 potions of berserk rage {unknown}
 Y - a potion of ambrosia {unknown}
Books
 X - a book of Spatial Translocations

   Spells                             Type                      Level
   a - Apportation                    Translocation                1
   b - Blink                          Translocation                2
   c - Shroud of Golubria             Charms/Translocation         2
   d - Portal Projectile              Translocation                3
   e - Teleport Other                 Translocation                3
   f - Passage of Golubria            Translocation                4
Comestibles
 f - 3 bread rations
 m - 9 meat rations
 t - 3 slices of pizza
 B - 13 fruits
 O - 2 beef jerkies
 S - 11 chunks of flesh
 Z - a royal jelly


   Skills:
 + Level 6.4 Fighting
 + Level 3.6 Polearms
 + Level 13.4 Bows
 + Level 5.0 Armour
 + Level 6.1 Dodging
 - Level 0.5 Stealth
 + Level 2.6 Shields


You had 9 spell levels left.
You didn't know any spells.

Dungeon Overview and Level Annotations

Branches:
Dungeon (10/15)            Temple (0/1) D:6
   Lair: D:8-11         Orc: D:9-12

Altars:
Ashenzari
Dithmenos
Elyvilon
Qazlal
Ru
Trog
Vehumet

Annotations:
D:2 Sigmund


Innate Abilities, Weirdness & Mutations

You have hooves in place of feet.
Armour fits poorly on your strangely shaped body.
You cover ground very quickly.
You have extremely tough skin (AC +3).


Message History

You closely miss the orc wizard.
The orc wizard is severely wounded.
You block the orc's attack.
The orc wizard points at you and mumbles some strange words.
The magic dart hits you!
* * * LOW HITPOINT WARNING * * *
Unknown command.
Your ring mail prevents you from hitting the orc wizard.
The orc wizard is severely wounded.
The orc wizard barely misses you. The orc barely misses you. The orc hits you.
* * * LOW HITPOINT WARNING * * *
You hit the orc wizard but do no damage.
Your kick misses the orc wizard.
The orc wizard is severely wounded.
The orc wizard casts a spell at you. The puff of flame hits you!
* * * LOW HITPOINT WARNING * * *
The orc priest mumbles some strange prayers to Beogh against you.
Something smites you!
You die...

#.# #.# .. #########.#
#.# .....<....# #.#
######.### #.# #.#
#.### #####.# #...
...#.#####.#########
##.#.)...o.oo@oooo.#
##...o...##.#######.#
##.....).o##.# #.#
#......./§..o# #o#
#...........§# #.#
...#..........#######.#
####.......##.o)o.....#
.........##.#######.#
####.#.#####.# #.#


You could see an orc priest, an orc wizard and 5 orcs.

Vanquished Creatures
  A centaur warrior (D:9)
  Pikel (D:3)
  A troll (D:9)
  A slime creature (D:7)
  A wraith (D:10)
  A wyvern (D:8)
  A hungry ghost (D:7)
  A hippogriff (D:9)
  Duvessa (D:6)
  A water moccasin (D:8)
  4 orc warriors
  A black bear (D:7)
  An ice beast (D:7)
  An eye of draining (D:6)
  A phantom (D:6)
  A sky beast (D:7)
  6 ogres
  6 centaurs
  7 giant frogs
  2 gnoll sergeants
  Dowan (D:6)
  2 scorpions
  5 wights (D:6)
  5 crimson imps
  A giant frog zombie (D:9)
  A quasit (D:8)
  7 orc priests
  A jelly (D:7)
  4 giant frog skeletons
  A gnoll shaman (D:8)
  5 hounds
  Ijyb (D:2)
  Jessica (D:2)
  5 iguanas
  7 worker ants
  11 orc wizards
  A hound zombie (D:6)
  2 hound skeletons (D:4)
  11 adders
  20 gnolls
  2 shadow imps
  3 oozes
  An adder zombie (D:7)
  2 adder skeletons
  2 worms (D:3)
  3 giant geckos
  46 orcs
  2 giant cockroaches
  12 hobgoblins
  9 jackals
  3 quokkas
  9 bats
  4 giant newts
  10 goblins
  5 kobolds (D:2)
  6 rats
251 creatures vanquished.

Vanquished Creatures (others)
  A giant newt (D:4)
1 creature vanquished.

Grand Total: 252 creatures vanquished

Notes
Turn   | Place    | Note
--------------------------------------------------------------
     0 | D:1      | root the Centaur Hunter began the quest for the Orb.
     0 | D:1      | Reached XP level 1. HP: 17/17 MP: 1/1
   257 | D:1      | Reached XP level 2. HP: 24/24 MP: 2/2
   641 | D:1      | Reached skill level 6 in Bows
   955 | D:2      | Noticed Sigmund
  1037 | D:2      | Noticed Jessica
  1044 | D:2      | Killed Jessica
  1044 | D:2      | Reached XP level 3. HP: 29/29 MP: 3/3
  1262 | D:2      | Reached XP level 4. HP: 28/36 MP: 4/4
  1373 | D:2      | Noticed Ijyb
  1416 | D:2      | Killed Ijyb
  1870 | D:2      | Found a faded altar to an unknown god.
  1877 | D:2      | Became a worshipper of Qazlal Stormbringer
  1877 | D:2      | Reached * piety under Qazlal
  2081 | D:2      | Reached skill level 1 in Armour
  2587 | D:2      | Reached XP level 5. HP: 6/42 MP: 5/5
  2911 | D:3      | Reached skill level 7 in Bows
  2966 | D:3      | Found a stormy altar of Qazlal.
  2967 | D:3      | Found a shattered altar of Ashenzari.
  3329 | D:3      | Reached ** piety under Qazlal
  3781 | D:4      | Reached XP level 6. HP: 39/50 MP: 6/6
  4642 | D:4      | Noticed Pikel
  4833 | D:3      | Killed Pikel
  4833 | D:3      | Reached skill level 9 in Bows
  4833 | D:3      | Reached XP level 7. HP: 56/58 MP: 7/7
  5122 | D:4      | You fall through a shaft!
  5122 | D:5      | Entered Level 5 of the Dungeon
  5188 | D:5      | Reached XP level 8. HP: 66/66 MP: 8/8
  5341 | D:5      | Found a sacrificial altar of Ru.
  5599 | D:6      | Reached skill level 10 in Bows
  5745 | D:6      | Reached *** piety under Qazlal
  5819 | D:6      | Noticed Duvessa
  5822 | D:6      | Noticed Dowan
  5850 | D:5      | Reached skill level 11 in Bows
  6858 | D:6      | Reached XP level 9. HP: 22/72 MP: 9/9
  7120 | D:6      | Reached skill level 12 in Bows
  7193 | D:6      | Killed Dowan
  7232 | D:6      | Killed Duvessa
  8230 | D:6      | Found a staircase to the Ecumenical Temple.
  8439 | D:6      | Found a bloodstained altar of Trog.
  8464 | D:6      | Reached skill level 1 in Shields
  8619 | D:6      | Reached skill level 5 in Fighting
  8799 | D:7      | Reached **** piety under Qazlal
  8799 | D:7      | Reached skill level 1 in Polearms
  9035 | D:7      | Reached skill level 5 in Dodging
  9645 | D:7      | Found a white marble altar of Elyvilon.
  9994 | D:8      | Reached skill level 13 in Bows
  9994 | D:8      | Reached XP level 10. HP: 75/81 MP: 10/10
 10101 | D:8      | Found a radiant altar of Vehumet.
 10381 | D:8      | Found a shadowy altar of Dithmenos.
 10404 | D:8      | Reached ***** piety under Qazlal
 11196 | D:9      | Identified a +1 rod of the swarm (9/9) (You found it on level 9 of the Dungeon)
 11217 | D:9      | Noticed a centaur warrior
 11246 | D:9      | Killed a centaur warrior
 11887 | D:9      | Reached skill level 5 in Armour
 12079 | D:10     | Entered Level 10 of the Dungeon
 12307 | D:10     | HP: 3/84 [orc wizard/puff of flame (3)]
 12307 | D:10     | Killed from afar by an orc priest

Vault maps used:
D:1:      dpeg_arrival_chambers_temple_mockup
D:2:      ecumenical_altar_1, uniq_jessica, uniq_sigmund, uniq_iyjb
D:3:      gammafunk_temple_overflow_statue, first_bread
D:4:      kennysheep_little_box, uniq_pikel
D:5:      nicolae_ru_awakened_eye
D:6:      trog_eyes_of_draining, minmay_temple_entry_metal_lava,
          kennysheep_generic_room_10, uniq_duvessa
D:7:      minmay_thick_lines, kennysheep_mini
D:8:      kennysheep_mini_moat, overflow_temple_1_default
D:10:     lair_0_dummy, hiddenorc2_lemuel, uniq_erolcha

Action                   |  1- 3 |  4- 6 |  7- 9 | 10-12 || total
-------------------------+-------+-------+-------+-------++-------
Melee: Short sword       |    73 |   236 |   193 |       ||   502
       Spear             |       |       |   219 |   299 ||   518
 Fire: Shortbow          |     8 |    78 |   225 |    10 ||   321
  Use: Scroll            |       |       |     2 |     4 ||     6
  Eat: Chunk             |       |     9 |    14 |     9 ||    32
       Fruit             |       |       |     1 |       ||     1
